 Dungeon Crawl Stone Soup version 0.29.1-1-gd02db6906a (webtiles) character file.

Game seed: 15394801544858420824

903 Earthwalker the Spear-Bearer (level 7, -9/63 HPs)
             Began as a Minotaur Abyssal Knight on Oct 6, 2022.
             Was an Elder of Lugonu.
             Mangled by a manticore (15 damage)
             ... on level 6 of the Dungeon.
             The game lasted 00:18:40 (4837 turns).

Earthwalker the Spear-Bearer (MiAK)                 Turns: 4837, Time: 00:18:41

Health: -9/63      AC:  8    Str: 17    XL:     7   Next: 80%
Magic:  0/7        EV: 12    Int:  7    God:    Lugonu [****..]
Gold:   250        SH:  0    Dex: 13    Spells: 6/6 levels left

rFire   . . .      SeeInvis .   a - +1 spear
rCold   . . .      Faith    .   (no shield)
rNeg    + + .      Spirit   +   b - +1 leather armour
rPois   +          Reflect  .   (helmet restricted)
rElec   .          Harm     .   (no cloak)
rCorr   +          Rampage  .   h - +0 pair of gloves
Will    .....                   u - +2 pair of boots
Stlth   +.........              t - amulet "Tecwe" {Spirit *Slow rPois rN++ rCorr}
HPRegen 0.20/turn               i - ring of poison resistance
MPRegen 0.10/turn               (no ring)

@: invisible
A: horns 2, retaliatory headbutt
a: Renounce Religion, Depart the Abyss, Bend Space, Banish, Corrupt


You were on level 6 of the Dungeon.
You worshipped Lugonu.
Lugonu was greatly pleased with you.
You visited 1 branch of the dungeon, and saw 6 of its levels.
You visited the Abyss 1 time.

You collected 250 gold pieces.

Inventory:

Hand Weapons
 a - a +1 spear (weapon)
 e - a +1 dagger of electrocution
Armour
 b - a +1 leather armour (worn)
 h - a +0 pair of gloves (worn)
 u - a +2 pair of boots (worn)
Jewellery
 i - a ring of poison resistance (left hand)
 t - the amulet "Tecwe" (around neck) {Spirit *Slow rPois rN++ rCorr}
   (You found it on level 5 of the Dungeon)

   [amulet of guardian spirit]

   It causes incoming damage to be divided between your reserves of health and
   magic.
   rPois:     It protects you from poison.
   rN:        It greatly protects you from negative energy.
   rCorr:     It protects you from acid and corrosion.
   *Slow:     It may slow you when you take damage.
Scrolls
 d - a scroll of enchant armour
 f - a scroll of noise
 g - 2 scrolls of teleportation
 j - 2 scrolls of fear {unknown}
 m - 2 scrolls of poison
Potions
 c - 3 potions of might {unknown}
 k - 3 potions of curing
 l - a potion of mutation {unknown}
 n - 2 potions of heal wounds {unknown}
 o - a potion of cancellation {unknown}
 p - a potion of magic {unknown}
 q - a potion of berserk rage {unknown}
 r - a potion of invisibility
 s - 2 potions of lignification {unknown}
 v - a potion of ambrosia {unknown}
 w - a potion of degeneration {unknown}


   Skills:
 + Level 6.2 Fighting
 * Level 8.0 Polearms
 + Level 4.3 Armour
 + Level 3.2 Dodging
 - Level 0.3 Stealth
 + Level 2.2 Invocations


You had 6 spell levels left.
You didn't know any spells.
Your spell library contained the following spells:

 Spells                   Type           Power      Damage    Failure   Level
 Confusing Touch          Hex            0%         N/A       86%         3
 Yara's Violent Unravell  Hex/Tmut       0%         3d3       100%        5
 Enfeeble                 Hex            0%         N/A       100%        7


Dungeon Overview and Level Annotations

Branches:
Dungeon (6/15)             Temple (0/1) D:5

Altars:

Shops:
D:1 :=***   D:2 [

Annotations:
D:4 Eustachio, Pikel


Innate Abilities, Weirdness & Mutations

You have a pair of horns on your head.
You reflexively headbutt those who attack you in melee.


Message History

You start resting.
Magic restored.
You start resting.
HP restored.
There is a stone staircase leading down here.
You climb downwards.
The manticore flicks its tail.
The volley of spikes misses you.
There is a stone staircase leading up here.
You hit the manticore but do no damage. The manticore misses you.
You furiously retaliate!
You headbutt the manticore! The manticore claws you. x2
You completely miss the manticore.
The manticore is lightly wounded.
The manticore barely misses you. The manticore claws you!
The manticore claws you.
You hit the manticore.
The manticore is moderately wounded.
The manticore bites you! The manticore claws you. The manticore claws you!
You hit the manticore.
The manticore is moderately wounded.
You barely miss the manticore.
The manticore is moderately wounded.
The manticore closely misses you. The manticore claws you.
The manticore misses you.
There is a stone staircase leading up here.
You barely miss the manticore. Your headbutt misses the manticore.
The manticore is moderately wounded.
The manticore barely misses you. You furiously retaliate!
You headbutt the manticore. The manticore closely misses you.
The manticore claws you!
* * * LOW HITPOINT WARNING * * *
It was a potion of invisibility.
You fade into invisibility!
The manticore closely misses you.
The manticore claws you but does no damage.
The manticore claws you!
* * * LOW HITPOINT WARNING * * *
Unknown command.
The manticore bites you!
You die...

# ##.#########.#
.......@H..#.#####
#[.####...........
#.##.#.#####
#.##.# # #.##.#
..##.# ####.# #.#
#.#


You could see a manticore (unable to see you).

Vanquished Creatures
  A water moccasin (D:5)
  2 ice beasts (D:5)
  An ogre (D:5)
  3 lemures (D:4)
  A phantom (D:5)
  A scorpion (D:5)
  A howler monkey (D:4)
  3 orc priests
  2 hounds (D:5)
  An iguana (D:5)
  Robin (D:4)
  7 adders
  2 ufetubi (D:4)
  5 dart slugs
  7 orcs
  9 ball pythons
  5 bats
  6 endoplasms
  2 giant cockroaches
  11 goblins
  8 hobgoblins
  3 jackals (D:1)
  2 quokkas
  3 frilled lizards
  10 kobolds
  4 rats
101 creatures vanquished.

Vanquished Creatures (others)
  2 plants (D:1)
2 creatures vanquished.

Grand Total: 103 creatures vanquished

Notes
Turn   | Place    | Note
-------+----------+-------------------------------------------
     0 | Abyss:1  | Earthwalker the Minotaur Abyssal Knight began the quest for
                  | the Orb.
     0 | Abyss:1  | Reached XP level 1. HP: 19/19 MP: 1/1
     1 | D:1      | Escaped the Abyss
     1 | D:1      | Found a transporter.
     1 | D:1      | Found a transporter.
    22 | D:1      | Found Wuuwiw's General Store.
   110 | D:1      | Found a faded altar of an unknown god.
   123 | D:1      | Reached XP level 2. HP: 22/27 MP: 2/2
   356 | D:1      | Found Yddohaug's Assorted Antiques.
   609 | D:1      | Found Lesik's Assorted Antiques.
   668 | D:1      | Found Uroet's Book Shop.
   755 | D:1      | Reached skill level 3 in Polearms
   757 | D:1      | Reached XP level 3. HP: 33/33 MP: 3/3
   800 | D:1      | Found Wumeos's Jewellery Emporium.
  1034 | D:2      | Reached *** piety under Lugonu
  1274 | D:2      | Found Ydduboc's Antique Armour Shoppe.
  1339 | D:2      | Reached XP level 4. HP: 39/41 MP: 4/4
  2384 | D:3      | Reached skill level 5 in Fighting
  2902 | D:4      | Reached skill level 4 in Polearms
  2902 | D:4      | Reached XP level 5. HP: 40/48 MP: 5/5
  3076 | D:4      | Noticed Eustachio
  3083 | D:5      | Entered Level 5 of the Dungeon
  3182 | D:5      | Noticed an ice beast
  3221 | D:5      | Reached **** piety under Lugonu
  3222 | D:5      | Reached skill level 5 in Polearms
  3222 | D:5      | Reached XP level 6. HP: 40/56 MP: 6/6
  3230 | D:5      | Killed an ice beast
  3429 | D:5      | Reached skill level 6 in Polearms
  3478 | D:5      | Reached XP level 7. HP: 54/62 MP: 7/7
  3571 | D:5      | Reached skill level 7 in Polearms
  3672 | D:5      | Identified the amulet "Tecwe" {Spirit *Slow rPois rN++
                  | rCorr}
  3880 | D:5      | Found a staircase to the Ecumenical Temple.
  4190 | D:4      | Noticed Robin
  4212 | D:4      | Killed Robin
  4550 | D:4      | Noticed Pikel
  4652 | D:6      | Noticed a manticore
  4673 | D:5      | Reached skill level 8 in Polearms
  4837 | D:6      | Mangled by a manticore

Illustrated notes

Levels and vault maps discovered:
D:1:      spicycebolla_arrival_transporter_tutorial, layout_basic,
          hellmonk_ecumenical_altar_leap_of_faith, serial_shops,
          nicolae_shop_window_shopping, nicolae_shop_overgrown_old_shop,
          nicolae_shop_crystal, nicolae_shop_competitors_out_of_business, shop,
          serial_park_tiny_1, chequers_serial_rivers_large_b
D:2:      layout_loops_ring, serial_shops, nicolae_shop_hallway_stairs
D:3:      layout_loops_ring, grunt_ministairs_5, minmay_crystal_water
D:4:      layout_gridville, uniq_robin, uniq_pargi, uniq_eustachio, uniq_pikel
D:5:      layout_basic, minmay_temple_entry_stoned_glass, serial_corexii_hall,
          corexii_hall_statues_u, chequers_hall_statues_corner_a,
          corexii_hall_statues_i, chequers_hall_statues_wall_a
D:6:      layout_loops_ring, uniq_maggie, uniq_sigmund, uniq_blork_the_orc

Skill      XL: |  1  2  3  4  5  6  7 |
---------------+----------------------+-----
Fighting       | 4 5 6 |  6.2
Invocations    | 2 |  2.2
Polearms       | 3 4 5 6 8 |  8.0
Armour         | 3 4 |  4.3
Dodging        | 2 3 |  3.2
Stealth        | |  0.3

Action                   |  1- 3 |  4- 6 |  7- 9 || total
-------------------------+-------+-------+-------++-------
Melee: Spear             |    91 |   136 |   115 ||   342
       Headbutt          |    19 |    22 |    15 ||    56
       Punch             |     1 |     1 |     1 ||     3
  Use: Scroll            |       |     9 |       ||     9
       Potion            |       |       |     1 ||     1
 Stab: Sleeping          |     1 |     1 |       ||     2
Armor: Leather armour    |    24 |    42 |    21 ||    87
Dodge: Dodged            |    41 |    60 |    59 ||   160
